 Dungeon Crawl Stone Soup version 0.29-a0-468-ge57f7f99b4 (webtiles) character file.

Game seed: 3816523360637976569

301 lesaewzxc the Ducker (level 6, -1/35 HPs)
             Began as a Kobold Arcane Marksman on May 21, 2022.
             Slain by a worm (9 damage)
             ... on level 4 of the Dungeon.
             The game lasted 00:31:47 (4346 turns).

lesaewzxc the Ducker (Kobold Arcane Marksman)       Turns: 4346, Time: 00:31:49

Health: -1/35      AC:  3    Str:  7    XL:     6   Next: 64%
Magic:  9/9        EV: 15    Int: 16    God:
Gold:   135        SH:  0    Dex: 14    Spells: 6/10 levels left

rFire   . . .      SeeInvis .   a - +0 hand crossbow
rCold   . . .      Faith    .   m - orb {*channel}
rNeg    . . .      Spirit   .   b - +0 robe
rPois   .          Reflect  .   (no helmet)
rElec   .          Harm     .   (no cloak)
rCorr   .          Rampage  .   d - +0 pair of gloves
Will    +....                   (no boots)
Stlth   ++........              h - amulet of regeneration
HPRegen 0.91/turn               (no ring)
MPRegen 0.11/turn               (no ring)

@: invisible
A: small, no large weapons, nightstalker 3, clumsy 1, strong-willed 1, mutation
resistance 1
a: no special abilities


You were on level 4 of the Dungeon.
You visited 1 branch of the dungeon, and saw 4 of its levels.

You collected 171 gold pieces.
You spent 36 gold pieces at shops.

Inventory:

Hand Weapons
 a - a +0 hand crossbow (weapon)
Armour
 b - a +0 robe (worn)
 d - a +0 pair of gloves (worn)
 m - an orb of energy (worn)
Jewellery
 h - an amulet of regeneration (around neck)
 l - an amulet of magic regeneration
 o - a ring of see invisible
Scrolls
 c - 2 scrolls of vulnerability
Potions
 e - a potion of curing
 f - 3 potions of brilliance
 g - a potion of berserk rage
 j - 2 potions of invisibility
 k - a potion of resistance
 p - a potion of mutation


   Skills:
 + Level 2.1 Fighting
 + Level 3.3 Crossbows
 * Level 3.8 Dodging
 * Level 2.5 Spellcasting
 + Level 1.7 Conjurations
 + Level 3.4 Hexes
 * Level 2.1 Summonings
 + Level 1.7 Earth Magic
 - Level 0.2 Poison Magic
 + Level 1.2 Evocations


You had 6 spell levels left.
You knew the following spells:

 Your Spells              Type           Power      Damage    Failure   Level
a - Slow                  Hex            52%        N/A       4%          1
b - Call Canine Familiar  Summ           8%         N/A       26%         3

Your spell library contained the following spells:

 Spells                   Type           Power      Damage    Failure   Level
 Freeze                   Ice            8%         1d3       21%         1
 Poisonous Vapours        Pois/Air       4%         N/A       28%         2
 Inner Flame              Hex/Fire       7%         N/A       28%         3
 Portal Projectile        Hex/Tloc       14%        N/A       28%         3
 Stone Arrow              Conj/Erth      14%        3d7       28%         3
 Cause Fear               Hex            6%         N/A       43%         4
 Frozen Ramparts          Ice            4%         1d2       52%         3
 Leda's Liquefaction      Hex/Erth       5%         N/A       54%         4
 Animate Armour           Summ/Erth      16%        N/A       65%         4
 Hailstorm                Conj/Ice       4%         3d4       80%         4
 Corpse Rot               Necr/Pois/Air  2%         N/A       88%         4
 Lehudib's Crystal Spear  Conj/Erth      3%         10d3      100%        8


Dungeon Overview and Level Annotations

Branches:
Dungeon (4/15)
 Temple: D:4-7

Altars:
Kikubaaqudgha
Makhleb
Wu Jian

Shops:
D:1 !   D:2 [


Innate Abilities, Weirdness & Mutations

You are small and have problems with some larger weapons.
You are completely attuned to the shadows.
You are clumsy. (Dex -2)
You are strong-willed. (Will+)
You are somewhat resistant to further mutation.


Message History

You are more poisoned.
The scorpion poisons you!
You feel very sick. The scorpion completely misses you.
You feel very sick.
You feel sick.
The worm is no longer moving slowly.
Shoot: a) +0 hand crossbow
Press: ? - help, Shift-Dir - straight line, f/p - scorpion
Aim: a scorpion (lightly wounded, wandering, can't see you, hasn't noticed you, 62% to hit)
You shoot a bolt. The bolt barely misses the scorpion.
The bolt barely misses the worm.
You feel sick. The scorpion closely misses you.
The scorpion stings you but does no damage.
Shoot: a) +0 hand crossbow
Press: ? - help, Shift-Dir - straight line, f/p - scorpion
Aim: a scorpion (lightly wounded, can't see you, 62% to hit)
You shoot a bolt. The bolt hits the scorpion.
The scorpion is moderately wounded.
You feel sick. The scorpion misses you. The scorpion closely misses you.
You feel sick.
Shoot: a) +0 hand crossbow
Press: ? - help, Shift-Dir - straight line, f/p - scorpion
Aim: a scorpion (moderately wounded, wandering, can't see you, hasn't noticed you, 62% to hit)
You shoot a bolt.
The bolt hits the scorpion but does no damage.
The scorpion is moderately wounded.
You feel sick. The scorpion misses you. The scorpion barely misses you.
Shoot: a) +0 hand crossbow
Press: ? - help, Shift-Dir - straight line, f/p - scorpion
Aim: a scorpion (moderately wounded, can't see you, 62% to hit)
You shoot a bolt. The bolt closely misses the scorpion.
You feel sick.
You are no longer poisoned.
The scorpion barely misses you.
Shoot: a) +0 hand crossbow
Press: ? - help, Shift-Dir - straight line, f/p - scorpion
Aim: a scorpion (moderately wounded, can't see you, 62% to hit)
You shoot a bolt. The bolt barely misses the scorpion.
The scorpion stings you.
* * * LOW HITPOINT WARNING * * *
The worm bites you!
You die...

,,..,,**,,* ***,,,*,,,,,,,,,*##..
.....##,,,* *,,,***,,,,,,,,**#...
#.....##,,* *,,,****,,,,...#*#...
....#.§#.*****,,,* *,,,,....##...
.##.#.o..,,**#,..###,,,,........#
....§....,,,.#.....#.,,,........#
...o§...#**,...#.....,,,,*#......
.....§###,,,.........,,***#....##
...#§.o..,,,**#.@.......*##...###
#.#.#..#.,,,.*##sw.....###.......
#.######***,..#........##.....#.#
### *,...........#..#...##.
*,.....................
*,..##......#..........
**##*###...###.....###.
#.....##.....# *, ###..####...##
**


You could see a worm (can't see you) and a scorpion (can't see you).

Vanquished Creatures
  3 jellies
  An iguana (D:4)
  6 adders
  An ufetubus (D:3)
  A worm (D:4)
  2 dart slugs
  2 orcs (D:3)
  3 ball pythons
  3 bats
  11 endoplasms
  2 giant cockroaches
  5 goblins
  8 hobgoblins
  7 jackals (D:1)
  16 kobolds
  6 quokkas
  3 frilled lizards
  4 rats
84 creatures vanquished.

Vanquished Creatures (collateral kills)
  A hound (D:4)
1 creature vanquished.

Vanquished Creatures (others)
  A human (D:3)
  12 fungi (D:2)
  5 toadstools (D:2)
18 creatures vanquished.

Grand Total: 103 creatures vanquished

Notes
Turn   | Place    | Note
-------+----------+-------------------------------------------
     0 | D:1      | lesaewzxc the Kobold Arcane Marksman began the quest for
                  | the Orb.
     0 | D:1      | Reached XP level 1. HP: 12/12 MP: 2/2
    93 | D:1      | Reached XP level 2. HP: 16/16 MP: 3/3
   498 | D:1      | Reached skill level 1 in Earth Magic
   603 | D:1      | Reached XP level 3. HP: 20/20 MP: 4/4
   825 | D:1      | Reached skill level 1 in Conjurations
   879 | D:1      | Found Bunurahu's Distillery.
   886 | D:1      | Bought a potion of curing for 36 gold pieces
  1837 | D:2      | Found Pogaa's Antique Armour Boutique.
  1901 | D:2      | Found a burning altar of Makhleb.
  1943 | D:2      | Reached XP level 4. HP: 13/25 MP: 6/6
  2199 | D:2      | Reached skill level 1 in Summonings
  2291 | D:2      | Reached XP level 5. HP: 29/30 MP: 7/7
  2777 | D:3      | Found an ornate altar of the Wu Jian Council.
  3233 | D:3      | Gained mutation: You are strong-willed. (Will+) [potion of
                  | mutation]
  3233 | D:3      | Gained mutation: You are clumsy. (Dex -2) [potion of
                  | mutation]
  3233 | D:3      | Gained mutation: You are somewhat resistant to further
                  | mutation. [potion of mutation]
  3740 | D:3      | Found an ancient bone altar of Kikubaaqudgha.
  3747 | D:3      | Noticed a human
  3750 | D:3      | Killed a human
  3958 | D:4      | Reached skill level 1 in Evocations
  3958 | D:4      | Reached XP level 6. HP: 23/35 MP: 9/9
  4165 | D:4      | Learned a level 3 spell: Call Canine Familiar
  4346 | D:4      | Slain by a worm

Illustrated notes

Levels and vault maps discovered:
D:1:      matt_arrival_spirals, layout_basic, serial_shops,
          nicolae_lakefront_shop
D:2:      cheibrodos_fertilizer, layout_rooms, serial_shops,
          nicolae_shop_advertising_works [nicolae_subvault_shop_adworks],
          basic_altar
D:3:      layout_loops_ring, tgw_kikubaaqudgha, mainiacjoe_overflow_brackets,
          kennysheep_generic_room_15
D:4:      layout_cave_pools, overflow_temple_1_default

Skill      XL: |  1  2  3  4  5  6 |
---------------+-------------------+-----
Earth Magic    | 1 |  1.7
Conjurations   | 1 |  1.7
Crossbows      | 3 |  3.3
Dodging        | 3 |  3.8
Summonings     | 1 2 |  2.1
Spellcasting   | 2 |  2.5
Evocations     | 1 |  1.2
Fighting       | 2 |  2.1
Hexes          | |  3.4
Poison Magic   | |  0.2

Action                   |  1- 3 |  4- 6 || total
-------------------------+-------+-------++-------
 Fire: Hand crossbow     |   105 |   230 ||   335
 Cast: Slow              |       |     8 ||     8
       Call Canine Famil |       |     2 ||     2
  Use: Scroll            |     1 |     8 ||     9
       Potion            |     1 |     4 ||     5
Armor: Robe              |    19 |    28 ||    47
Dodge: Dodged            |    64 |   129 ||   193

Table legend: (Time is in decaauts)
 A = Elapsed time spent in this place.
 B = Non-inter-level travel time spent in this place.
 C = Inter-level travel time spent in this place.
 D = Time resting spent in this place.
 E = Time spent auto-exploring this place.
 F = Levels seen in this place.
 G = Mean time per level.
                   A        B        C        D        E       F      G
               +--------+--------+--------+--------+--------+-----+--------+
         Total |   4447 |   4405 |     42 |      0 |   1349 |   4 | 1111.8 |
       Dungeon |   4447 |   4405 |     42 |      0 |   1349 |   4 | 1111.8 |
               +--------+--------+--------+--------+--------+-----+--------+

Top non-repeatable levels by time:
     D:1: 1740 daAuts
     D:3: 1282 daAuts
     D:2: 1069 daAuts
     D:4: 355 daAuts
